 Dungeon Crawl Stone Soup version 0.32-a0-42-ga30500b4d3 (webtiles) character file.

Game seed: 7863446189306567166

5355 Newt the Fighter (level 10, 0/68 HPs)
             Began as a Gargoyle Fighter on Feb 2, 2024.
             Was an Elder of Okawaru.
             Slain by Sonja
             ... wielding a +1 dagger of distortion
              (7 damage)
             ... on level 10 of the Dungeon.
             The game lasted 00:09:40 (10114 turns).

Newt the Fighter (Gargoyle Fighter)                Turns: 10114, Time: 00:09:41

Health: 0/68       AC: 16    Str: 27    XL:     10   Next: 65%
Magic:  10/10      EV:  9    Int:  9    God:    Okawaru [****..]
Gold:   387        SH:  4    Dex:  9    Spells: 9/9 levels left

rFire   + . .        M - +6 mace "Hygip" {heavy, rPois}
rCold   . . .        c - +0 buckler
rNeg    + . .        b - +0 scale mail
rPois   ∞            A - +0 helmet
rElec   +            s - +0 cloak
rCorr   .            (no gloves)
SInv    .            (no boots)
Will    .....        (no amulet) Stlth
                     i - ring of Iloosaf {rF+ Str+3}
HPRegen 0.31/turn    (no ring)
MPRegen 0.12/turn

%: no passive effects
@: mighty, hasted, very quick
A: sickness immunity, AC +7, negative energy resistance 1, electricity
resistance, torment resistance 1, petrification resistance
a: Renounce Religion, Heroism, Finesse


You were on level 10 of the Dungeon.
You worshipped Okawaru.
Okawaru was greatly pleased with you.
You visited 2 branches of the dungeon, and saw 11 of its levels.

You collected 447 gold pieces.
You spent 60 gold pieces at shops.

Inventory:

Hand Weapons
 a - a +0 flail
 k - a +3 war axe of flaming
 M - the +6 mace "Hygip" (weapon) {heavy, rPois}
   (You found it on level 8 of the Dungeon)

   rPois:     It protects you from poison
Missiles
 e - 6 boomerangs
 j - 5 javelins
 r - 9 atropa-tipped darts
 C - 6 poisoned darts (quivered)
 D - 5 silver javelins
Armour
 b - a +0 scale mail (worn)
 c - a +0 buckler (worn)
 s - a +0 cloak (worn)
 A - a +0 helmet (worn)
Jewellery
 i - the ring of Iloosaf (left hand) {rF+ Str+3}
   (You found it on level 2 of the Dungeon)

   [ring of protection from fire]

   Str+3:     It affects your strength (+3).
   rF+:       It protects you from fire.
 E - a ring of fire
Wands
 x - a wand of iceblast (13)
 G - a wand of digging (9)
 K - a wand of flame (4)
 N - a wand of quicksilver (6)
Scrolls
 h - a scroll of fear
 q - a scroll of fog
 u - a scroll of poison
 w - a scroll of summoning
 y - a scroll of revelation
 z - a scroll of blinking
 B - a scroll of brand weapon {unknown}
 F - a scroll of teleportation
 H - 2 scrolls of amnesia {unknown}
 I - a scroll of noise {unknown}
 J - a scroll of acquirement {unknown}
Potions
 d - a potion of might
 f - a potion of curing
 l - 2 potions of berserk rage
 m - 2 potions of lignification
 n - 2 potions of mutation
 o - 2 potions of degeneration
 p - 3 potions of heal wounds {unknown}
 t - 2 potions of brilliance
 v - a potion of ambrosia {unknown}
 O - 2 potions of cancellation {unknown}


   Skills:
 + Level 10.6 Fighting
 - Level 5.5(6.5) Axes
 * Level 5.7(7.0) Maces & Flails
 - Level 8.6 Throwing
 - Level 3.2 Armour
 - Level 3.2 Shields


You had 9 spell levels left.
You didn't know any spells.
Your spell library contained the following spells:

 Spells                   Type           Power      Damage    Failure   Level
 Kiss of Death            Conj/Necr      0%         2d5       71%         1
 Magic Dart               Conj           0%         1d3       71%         1
 Searing Ray              Conj           0%         2d4       85%         2
 Confusing Touch          Hex            0%         N/A       97%         3
 Dispel Undead            Necr           0%         3d6       100%        4
 Fulminant Prism          Conj/Alch      0%         3d5       100%        4


Dungeon Overview and Level Annotations

Branches:
Dungeon (10/15)            Temple (1/1) D:4            Lair (0/5) D:8
    Orc: D:9-12

Altars:
Ashenzari
Cheibriados
Dithmenos
Elyvilon
Fedhas
Gozag
Hepliaklqana
Kikubaaqudgha
Nemelex Xobeh
Okawaru
Qazlal
Ru
Sif Muna
Trog
Uskayaw
Vehumet
Wu Jian
Xom
Yredelemnul
Zin
The Shining One

Shops:
D:1 !

Portals:
Bailey: D:10

Annotations:
D:8 1 transporter
D:10 Maurice, Sonja


Innate Abilities, Weirdness & Mutations

You are immune to sickness and miasma.
Your stone body is resilient. (AC +7)
You are immune to poison.
You resist negative energy. (rN+)
You are resistant to electric shocks. (rElec)
You are resistant to unholy torment.
You are immune to petrification.


Message History

Throw: 8 darts (poison)
Press: ? - help, Q - select action, (/) - cycle Shift-Dir - straight line, f/p - Sonja
Aim: Sonja, wielding a +1 dagger of distortion and quivering curare-tipped darts (16% to hit)
You throw a poisoned dart. The poisoned dart misses Sonja.
Unknown command.
Throw: 7 darts (poison)
Press: ? - help, Q - select action, (/) - cycle Shift-Dir - straight line, f/p - Sonja
Aim: Sonja, wielding a +1 dagger of distortion and quivering curare-tipped darts (16% to hit)
You throw a poisoned dart. The poisoned dart hits Sonja!!
Sonja is poisoned.
Okay, then.
You barely miss Sonja.
Sonja is lightly wounded.
Sonja hits you with a +1 dagger of distortion.
* * * LOW HITPOINT WARNING * * *
Space warps around you.
* * * LOW HITPOINT WARNING * * *
You block Sonja's attack. Sonja barely misses you.
Sonja hits you with a +1 dagger of distortion.
* * * LOW HITPOINT WARNING * * *
Space warps around you.
* * * LOW HITPOINT WARNING * * *
Sonja hits you with a +1 dagger of distortion.
* * * LOW HITPOINT WARNING * * *
You blink.
Sonja throws a curare-tipped dart.
You block the curare-tipped dart.
You feel better.
You feel yourself speed up.
Throw: 6 javelins (silver)
Press: ? - help, Shift-Dir - straight line, f/p - Sonja
Aim: Sonja, wielding a +1 dagger of distortion and quivering curare-tipped darts (moderately wounded, very poisoned, 16% to hit)
You throw a silver javelin.
The silver javelin completely misses Sonja.
Unknown command.
Unknown command.
You completely miss Sonja.
Sonja is moderately wounded.
Sonja hits you with a +1 dagger of distortion.
* * * LOW HITPOINT WARNING * * *
Space warps around you!
You die...
Sonja takes a bow.

...K._........
.............
............
..((.⌠.....
..........
.........######
....._........+
#.......K@..#
#...(.......#
#####(......#
#.......#
#########


You could see Sonja (very poisoned).

Vanquished Creatures
  A hornet (D:8)
  2 slime creatures
  Sigmund (D:2)
  A shadow (D:8)
  A wraith (D:8)
  6 yaks
  A steam dragon (D:9)
  A water moccasin (D:8)
  Duvessa (D:5)
  3 sky beasts (D:7)
  2 ice beasts
  2 orc warriors (D:6)
  2 ogres (D:6)
  2 phantoms
  A bullfrog (D:9)
  A gnoll sergeant (D:7)
  2 scorpions (D:5)
  9 wights
  Dowan (D:5)
  6 killer bees (D:8)
  5 howler monkeys
  A bombardier beetle (D:5)
  A centaur zombie (D:3)
  3 hounds
  6 orc priests
  A gnoll bouda (D:5)
  2 sleepcaps
  A centaur skeleton (D:3)
  8 orc wizards
  Terence (D:2)
  An iguana (D:5)
  A scorpion zombie (D:3)
  A hound skeleton (D:3)
  7 adders
  12 gnolls
  A shadow imp (D:7)
  2 white imps
  An adder skeleton (D:3)
  2 ribbon worms
  17 orcs
  6 ball pythons
  2 endoplasms (D:3)
  A giant cockroach (D:4)
  3 goblins
  6 hobgoblins
  7 jackals
  3 quokkas
  A ball python zombie (D:3)
  3 bats
  2 frilled lizards
  6 kobolds
  A quokka skeleton (D:3)
  A quokka zombie (D:3)
  8 rats
170 creatures vanquished.

Vanquished Creatures (others)
  An adder (D:2)
  A hobgoblin (D:2)
2 creatures vanquished.

Grand Total: 172 creatures vanquished

Notes
Turn   | Place    | Note
-------+----------+-------------------------------------------
     0 | D:1      | Newt the Gargoyle Fighter began the quest for the Orb.
     0 | D:1      | Reached XP level 1. HP: 14/14 MP: 1/1
    67 | D:1      | Found Zaideosch's Distillery.
   106 | D:1      | Reached XP level 2. HP: 19/19 MP: 2/2
   882 | D:2      | Identified the ring of Iloosaf {rF+ Str+3}
   928 | D:2      | Noticed Terence
   942 | D:2      | Killed Terence
   943 | D:2      | Reached XP level 3. HP: 17/24 MP: 3/3
  1030 | D:2      | Reached skill level 4 in Fighting
  1042 | D:2      | Found a sparkling altar of Nemelex Xobeh.
  1045 | D:2      | Noticed Sigmund
  1058 | D:2      | Killed Sigmund
  1059 | D:2      | Reached XP level 4. HP: 23/30 MP: 4/4
  1059 | D:2      | Reached XP level 5. HP: 26/34 MP: 5/5
  1487 | D:2      | Found a faded altar of an unknown god.
  1803 | D:1      | Bought a potion of curing for 30 gold pieces
  1803 | D:1      | Bought a potion of lignification for 30 gold pieces
  1975 | D:3      | Reached XP level 6. HP: 40/40 MP: 6/6
  2026 | D:3      | Reached skill level 5 in Fighting
  2619 | D:4      | Reached XP level 7. HP: 41/44 MP: 7/7
  2708 | D:4      | Found a staircase to the Ecumenical Temple.
  2733 | Temple   | Entered the Ecumenical Temple
  2748 | Temple   | Became a worshipper of Warmaster Okawaru
  3038 | D:4      | Found a shadowy altar of Dithmenos.
  3518 | D:5      | Entered Level 5 of the Dungeon
  3559 | D:5      | Reached skill level 6 in Fighting
  3559 | D:5      | Reached skill level 5 in Axes
  3715 | D:5      | Noticed Duvessa
  3716 | D:5      | Noticed Dowan
  3726 | D:5      | Killed Duvessa
  3730 | D:5      | Killed Dowan
  3735 | D:5      | Reached XP level 8. HP: 35/52 MP: 8/8
  3873 | D:5      | Reached skill level 1 in Throwing
  4046 | D:5      | Reached skill level 7 in Fighting
  4105 | D:5      | Reached * piety under Okawaru
  5453 | D:6      | Found a hazy altar of Hepliaklqana.
  5615 | D:6      | Reached skill level 8 in Fighting
  5615 | D:6      | Reached XP level 9. HP: 22/59 MP: 9/9
  5806 | D:6      | Reached ** piety under Okawaru
  5807 | D:6      | Reached skill level 5 in Throwing
  6188 | D:6      | Found a glowing silver altar of Zin.
  6389 | D:6      | Found an opulent altar of Gozag.
  7074 | D:7      | Reached skill level 9 in Fighting
  7099 | D:7      | Found a sparkling altar of Nemelex Xobeh.
  7124 | D:7      | Reached *** piety under Okawaru
  7774 | D:8      | Reached XP level 10. HP: 58/66 MP: 10/10
  8084 | D:8      | Found a transporter.
  8176 | D:8      | Found a staircase to the Lair.
  8460 | D:8      | Reached skill level 10 in Fighting
  8520 | D:8      | Identified the +6 mace "Hygip" {heavy, rPois}
  9453 | D:8      | Reached **** piety under Okawaru
  9712 | D:8      | Reached skill level 5 in Maces & Flails
 10087 | D:10     | Entered Level 10 of the Dungeon
 10087 | D:10     | Noticed Maurice
 10087 | D:10     | Noticed Sonja
 10087 | D:10     | Found a flagged portal.
 10096 | D:10     | Found a hide-covered altar of Uskayaw.
 10096 | D:10     | Found a broken altar of Ashenzari.
 10114 | D:10     | Slain by Sonja

Illustrated notes

Levels and vault maps discovered:
D:1:      psy_arrival_heroes, layout_loops_ring, serial_shops,
          nicolae_diamond_shop, minmay_misc_feat_nine_boxes,
          hangedman_decor_push
D:2:      layout_basic, chequers_ecumenical_altar_grove, basic_altar,
          lemuel_flame_loot_1, uniq_terence, uniq_sigmund
D:3:      layout_loops_ring, serial_undead, serial_undead_d, serial_undead_d,
          serial_undead_c, serial_undead_d, minivault_26
D:4:      layout_basic, kennysheep_mini_moat, minmay_temple_entry_arrows
D:5:      layout_basic, uniq_duvessa
D:6:      layout_loops_ring, pdpol_temple_overflow_zin_treasury_gozag_greed,
          mainiacjoe_overflow_catwalk
D:7:      layout_basic, nemelex_xobeh_ov_fountains_minmay, serial_glass,
          glass_columns_c, glass_columns_a
D:8:      layout_loops_ring, dpeg_oklobed_lair, nicolae_diode_basic
D:9:      layout_rooms
D:10:     kennysheep_six_static_rooms, layout_irregular_city,
          nicolae_overflow_crystal_walls, grunt_temple_overflow_open,
          enter_bailey_5, ploomutoo_gammafunk_ghost_potion_laboratory,
          serial_bayou_lagoon_a, solitary_fountain, minmay_microvault,
          uniq_maurice, uniq_sonja
Temple:   eino_narrow_crystal_temple

Skill      XL: |  1  2  3  4  5  6  7  8  9 10 |
---------------+-------------------------------+-----
Maces & Flails | 3 5 |  5.7
Fighting       | 4 5 6 8 9 10 | 10.6
Axes           | 3 4 5 |  5.5
Throwing       | 4 7 8 |  8.6
Armour         | |  3.2
Shields        | |  3.2

Action                     |  1- 3 |  4- 6 |  7- 9 | 10-12 || total
---------------------------+-------+-------+-------+-------++-------
  Melee: Flail             |    66 |       |       |       ||    66
         War axe           |    17 |   102 |   241 |    66 ||   426
         Mace              |       |       |       |    76 ||    76
  Throw: Dart              |       |       |    14 |     6 ||    20
         Javelin           |       |       |    13 |     1 ||    14
    Use: Scroll            |       |     4 |     6 |     6 ||    16
         Potion            |       |       |     3 |     4 ||     7
 Armour: Scale mail        |    66 |    78 |   216 |   196 ||   556
  Dodge: Dodged            |    43 |    51 |    86 |    92 ||   272
  Block: Buckler           |    23 |    20 |    46 |    44 ||   133

Table legend: (Time is in decaauts)
 A = Elapsed time spent in this place.
 B = Non-inter-level travel time spent in this place.
 C = Inter-level travel time spent in this place.
 D = Time resting spent in this place.
 E = Time spent auto-exploring this place.
 F = Levels seen in this place.
 G = Mean time per level.
                   A        B        C        D        E       F      G
               +--------+--------+--------+--------+--------+-----+--------+
         Total |  10298 |   9827 |    471 |   2941 |   5462 |  11 |  936.2 |
       Dungeon |  10267 |   9825 |    442 |   2941 |   5462 |  10 | 1026.7 |
        Temple |     30 |      1 |     29 |      0 |      0 |   1 |   30.0 |
               +--------+--------+--------+--------+--------+-----+--------+

Top non-repeatable levels by time:
     D:8: 1845 daAuts
     D:7: 1712 daAuts
     D:6: 1665 daAuts
     D:5: 1296 daAuts
     D:2: 1106 daAuts
     D:4: 929 daAuts
     D:1: 791 daAuts
     D:3: 728 daAuts
     D:9: 164 daAuts
  Temple: 30 daAuts
    D:10: 27 daAuts
